 Dungeon Crawl Stone Soup version 0.25.0-1-g7eea58d2a3 (webtiles) character file.

Game seed: 14969151601601662121

242 Anathary the Chopper (level 5, -3/43 HPs)
             Began as a Demonspawn Berserker on June 10, 2020.
             Was a Believer of Trog.
             Killed from afar by an orc wizard (8 damage)
             ... with a magic dart
             ... on level 5 of the Dungeon on June 14, 2020.
             The game lasted 00:08:51 (2872 turns).

Anathary the Chopper (Demonspawn Berserker)         Turns: 2872, Time: 00:08:51

Health: -3/43      AC:  8    Str: 19    XL:     5   Next: 82%
Magic:  5/5        EV: 10    Int:  8    God:    Trog [**....]
Gold:   48         SH:  0    Dex: 12    Spells: 4/4 levels left

rFire    + . .     SeeInvis .   a - +0 hand axe
rCold    . . .     Gourm    .   (no shield)
rNeg     . . .     Faith    .   i - +0 scale mail
rPois    .         Spirit   .   (helmet restricted)
rElec    .         Reflect  .   (no cloak)
rCorr    .         Harm     .   (no gloves)
MR       .....                  (no boots)
Stlth    ..........             (no amulet)
HPRegen  0.14/turn              (no ring)
MPRegen  0.09/turn              (no ring)

@: no status effects
A: horns 1, slimy green scales 1, fire resistance 1, spiny 1
a: Berserk, Trog's Hand, Renounce Religion


You were on level 5 of the Dungeon.
You worshipped Trog.
Trog was pleased with you.
You were not hungry.

You visited 1 branch of the dungeon, and saw 4 of its levels.

You collected 48 gold pieces.

Inventory:

Hand Weapons
 a - a +0 hand axe (weapon)
Armour
 b - a +0 animal skin
 i - a +0 scale mail (worn)
 j - a cursed +0 leather armour
Scrolls
 c - 3 scrolls of enchant armour {unknown}
 d - a scroll of magic mapping {unknown}
 g - 2 scrolls of remove curse {unknown}
 h - 2 scrolls of teleportation {unknown}
 m - a scroll of enchant weapon {unknown}
Potions
 e - a potion of flight
 f - 2 potions of magic {unknown}
 k - a potion of degeneration {unknown}
 l - a potion of stabbing {unknown}
 n - a potion of heal wounds {unknown}


   Skills:
 + Level 4.8 Fighting
 + Level 4.9 Axes
 - Level 1.7 Armour
 - Level 1.7 Dodging


You had 4 spell levels left.
You didn't know any spells.
Your spell library was empty.

Dungeon Overview and Level Annotations

Branches:
Dungeon (3/15)

Altars:
Ashenzari
Nemelex Xobeh

Annotations:
D:5 Menkaure


Innate Abilities, Weirdness & Mutations

You have a pair of small horns on your head.
You are partially covered in slimy green scales. (AC +2)
Your flesh is heat resistant. (rF+)
You are partially covered in sharp spines.


Message History

The bullfrog is struck by your spines. The bullfrog misses you.
The orc warrior hits you with a cursed +0 short sword.
The bullfrog is struck by your spines.
The bullfrog hits you but does no damage.
Menkaure whispers, "It doesn't hurt if you pull your brain out of your nose yourself."
The bullfrog completely misses you. The bullfrog is struck by your spines.
You kill the bullfrog!
Trog accepts your kill.
There is a stone staircase leading down here.
The orc warrior barely misses you.
The orc warrior is struck by your spines.
The orc warrior barely misses you.
Menkaure whispers a few words.
Menkaure casts a spell at you. Pain shoots through your body!
The orc warrior hits you with a cursed +0 short sword!
* * * LOW HITPOINT WARNING * * *
The orc wizard casts a spell at you. The magic dart hits you!
You die...

##...........$.....## ##.o....
#.............####..######....##
..............##
##...#.....§..##
...........!...##
##..§..........
................##
######...#####
.................### ###..#
...................## ##.#
..........).........# #.#
..............o.@.## #.#
......!...........# #..
............M..o..# #.#.
..................# #.
..................# ##
.................##
.................#
#...............#
###...........##


You could see an orc warrior, Menkaure and an orc wizard.

Vanquished Creatures
  A bullfrog (D:5)
  4 orc wizards (D:3)
  2 adders (D:2)
  A worm (D:2)
  A leopard gecko (D:1)
  2 orcs (D:3)
  A giant cockroach (D:2)
  10 goblins
  3 hobgoblins
  5 jackals (D:1)
  2 quokkas (D:2)
  2 ball pythons (D:2)
  4 bats
  2 frilled lizards (D:2)
  2 kobolds (D:1)
  5 rats
47 creatures vanquished.

Notes
Turn   | Place    | Note
-------+----------+-------------------------------------------
     0 | D:1      | Anathary the Demonspawn Berserker began the quest for the
                  | Orb.
     0 | D:1      | Reached XP level 1. HP: 18/18 MP: 1/1
   168 | D:1      | Gained mutation: You have a pair of small horns on your
                  | head. [demonic ancestry]
   168 | D:1      | Reached XP level 2. HP: 12/24 MP: 2/2
  1224 | D:2      | Gained mutation: You are partially covered in slimy green
                  | scales. (AC +2) [demonic ancestry]
  1224 | D:2      | Reached XP level 3. HP: 12/29 MP: 3/3
  1449 | D:2      | Upgraded the game from 0.25-b1-46-gb8a1ec05df to
                  | 0.25.0-1-g7eea58d2a3
  1470 | D:2      | Reached ** piety under Trog
  2221 | D:2      | Found a shattered altar of Ashenzari.
  2238 | D:2      | Found a sparkling altar of Nemelex Xobeh.
  2503 | D:3      | Gained mutation: Your flesh is heat resistant. (rF+)
                  | [demonic ancestry]
  2503 | D:3      | Reached XP level 4. HP: 27/37 MP: 4/4
  2578 | D:3      | Gained mutation: You are partially covered in sharp spines.
                  | [demonic ancestry]
  2578 | D:3      | Reached XP level 5. HP: 13/43 MP: 5/5
  2822 | D:3      | You fall into a shaft and drop 2 floors!
  2822 | D:5      | Entered Level 5 of the Dungeon
  2822 | D:5      | Noticed an orc warrior
  2856 | D:5      | Noticed Menkaure
  2872 | D:5      | Killed from afar by an orc wizard

Illustrated notes

Levels and vault maps discovered:
D:1:      dpeg_arrival_arbitrary_c, layout_loops_cross
D:2:      layout_loops_ring, ashenzari_altar_1, lemuel_doored_altar,
          minmay_close_crescents
D:3:      layout_basic, yredelemnul_altar_generic, first_ration, serial_glass,
          glass_columns_b, glass_columns_a, feat_on_display, feat_on_display,
          minmay_strange_pillars, feat_on_display, lemuel_statue_altar
D:5:      layout_layer_cave, elyvilon_altar_5, uniq_menkaure

Skill      XL: |  1  2  3 |
---------------+----------+-----
Axes           | 3 4 |  4.9
Fighting       | 4 |  4.8
Armour         | |  1.7
Dodging        | |  1.7

Action                   |  1- 3 |  4- 6 || total
-------------------------+-------+-------++-------
Melee: Hand axe          |   142 |    22 ||   164
       Headbutt          |    14 |     3 ||    17
  Use: Potion            |     3 |       ||     3
 Stab: Sleeping          |     1 |       ||     1
  Eat: Ration            |     2 |       ||     2
Armor: Animal skin       |    26 |       ||    26
       Scale mail        |    13 |     9 ||    22
Dodge: Dodged            |   106 |    14 ||   120
